 Dungeon Crawl Stone Soup version 0.30.0-29-ga12c61a403 (webtiles) character file.

Game seed: 10861788810418426857

107 monsoonserge the Cleaver (level 4, -1/32 HPs)
             Began as a Gnoll Wanderer on June 15, 2023.
             Slain by a cerulean imp
             ... wielding a +1 spear
             ... summoned by Natasha
              (3 damage)
             ... on level 3 of the Dungeon.
             The game lasted 00:04:00 (1589 turns).

monsoonserge the Cleaver (Gnoll Wanderer)           Turns: 1589, Time: 00:04:01

Health: -1/32      AC:  6    Str: 12    XL:     4   Next: 85%
Magic:  10/11      EV: 10    Int: 14    God:
Gold:   187        SH:  0    Dex: 10    Spells: 12/13 levels left

rFire   . . .        a - +2 hand axe
rCold   . . .        (no shield)
rNeg    . . .        b - +0 ring mail
rPois   .            (no helmet)
rElec   .            (no cloak)
rCorr   .            (no gloves)
SInv    .            (no boots)
Will    .....        (no amulet)
Stlth   +            (no ring)
HPRegen 0.25/turn    (no ring)
MPRegen 0.12/turn

%: no passive effects
@: slowed, very slow
A: fangs 1, strong nose, distributed training
a: no special abilities


You were on level 3 of the Dungeon.
You visited 1 branch of the dungeon, and saw 3 of its levels.

You collected 187 gold pieces.

Inventory:

Hand Weapons
 a - a +2 hand axe (weapon)
Armour
 b - a +0 ring mail (worn)
Scrolls
 f - a scroll of teleportation {unknown}
 g - 2 scrolls of identify {unknown}
 h - a scroll of vulnerability {unknown}
 j - a scroll of noise {unknown}
 k - a scroll of enchant armour {unknown}
Potions
 c - a potion of haste
 d - 2 potions of attraction {unknown}
 e - 4 potions of mutation {unknown}
 i - 2 potions of heal wounds {unknown}
 l - a potion of curing {unknown}
 m - a potion of brilliance {unknown}


   Skills:
 + Level 1.3 Fighting
 + Level 1.3 Short Blades
 + Level 1.3 Long Blades
 + Level 8.6 Axes
 + Level 1.3 Maces & Flails
 + Level 1.3 Polearms
 + Level 1.3 Staves
 + Level 1.3 Ranged Weapons
 + Level 1.3 Throwing
 + Level 4.7 Armour
 + Level 1.3 Dodging
 + Level 1.3 Stealth
 + Level 1.3 Shields
 + Level 1.3 Unarmed Combat
 + Level 5.1 Spellcasting
 + Level 1.0 Conjurations
 + Level 1.0 Hexes
 + Level 1.0 Summonings
 + Level 1.0 Necromancy
 + Level 1.0 Translocations
 + Level 1.0 Transmutations
 + Level 1.0 Fire Magic
 + Level 1.0 Ice Magic
 + Level 3.9 Air Magic
 + Level 1.0 Earth Magic
 + Level 1.0 Poison Magic
 + Level 1.4 Invocations
 + Level 1.3 Evocations


You had 12 spell levels left.
You knew the following spells:

 Your Spells              Type           Power      Damage    Failure   Level
a - Shock                 Conj/Air       40%        1d5       13%         1

Your spell library contained the following spells:

 Spells                   Type           Power      Damage    Failure   Level
 Apportation              Tloc           12%        N/A       24%         1
 Necrotise                Necr           24%        1d5       24%         1
 Summon Small Mammal      Summ           24%        N/A       24%         1
 Vhi's Electric Charge    Tloc/Air       20%        N/A       36%         3


Dungeon Overview and Level Annotations

Branches:
Dungeon (3/15)

Altars:

Annotations:
D:3 Natasha


Innate Abilities, Weirdness & Mutations

You have very sharp teeth.
Your uncanny sense of smell can sniff out nearby items.
Your experience applies equally to all skills.


Message History

The cerulean imp closely misses you. Natasha closely misses you.
You hit Natasha.
Natasha is moderately wounded.
You barely miss the bat. You hit the endoplasm. The bat barely misses you.
The endoplasm misses you.
The cerulean imp hits you from afar with a +0 spear.
Natasha barely misses you.
You hit Natasha.
Natasha is severely wounded.
You hit the endoplasm. You closely miss the bat. The bat closely misses you.
The bat completely misses you. The cerulean imp closely misses you.
The endoplasm freezes you.
You are frozen.
Natasha mumbles some strange words.
The bat closely misses you. The endoplasm hits you.
The cerulean imp hits you from afar with a +0 spear.
You barely miss Natasha.
Natasha is severely wounded.
You hit the endoplasm.
You kill the endoplasm!
You hit the bat.
You kill the bat!
Natasha claws you!
The cerulean imp hits you but does no damage.
The cerulean imp hits you from afar with a +0 spear.
Natasha claws you.
* * * LOW HITPOINT WARNING * * *
Your magical contamination has completely faded away.
You hit Natasha but do no damage. Your bite misses Natasha.
Natasha is severely wounded.
The cerulean imp hits you but does no damage. x2
Natasha claws you.
* * * LOW HITPOINT WARNING * * *
Unknown command.
You hit Natasha.
Natasha is almost dead.
The cerulean imp hits you from afar with a +0 spear.
* * * LOW HITPOINT WARNING * * *
The cerulean imp hits you from afar with a +1 spear.
You die...

.).....................
........................
...†....................
........................
........................
........................
....)...................
................†.......
................@h......
.......................$
.................55.....
........................
........................
............[....?......
................
................
...............


You could see Natasha and 2 cerulean imps.

Vanquished Creatures
  Jessica (D:3)
  An adder (D:2)
  3 dart slugs (D:2)
  2 worms (D:3)
  An orc (D:3)
  7 endoplasms
  4 giant cockroaches
  6 goblins
  5 hobgoblins
  5 quokkas
  7 ball pythons
  3 bats
  2 frilled lizards
  4 kobolds
  6 rats
57 creatures vanquished.

Notes
Turn   | Place    | Note
-------+----------+-------------------------------------------
     0 | D:1      | monsoonserge the Gnoll Wanderer began the quest for the
                  | Orb.
     0 | D:1      | monsoonserge set off with the following items: a +2 hand
                  | axe, a +0 ring mail, a potion of haste; and the following
                  | spell memorised: Shock; and the following spells available
                  | to memorise: Vhi's Electric Charge.
     0 | D:1      | Reached XP level 1. HP: 13/13 MP: 6/6
    81 | D:1      | Reached XP level 2. HP: 15/19 MP: 7/7
   232 | D:1      | Reached skill level 5 in Spellcasting
   232 | D:1      | Reached XP level 3. HP: 25/25 MP: 7/9
   561 | D:2      | Reached skill level 1 in Invocations
   822 | D:2      | Reached skill level 1 in Fighting
   822 | D:2      | Reached skill level 1 in Short Blades
   822 | D:2      | Reached skill level 1 in Long Blades
   822 | D:2      | Reached skill level 1 in Maces & Flails
   822 | D:2      | Reached skill level 1 in Polearms
   822 | D:2      | Reached skill level 1 in Staves
   822 | D:2      | Reached skill level 1 in Ranged Weapons
   822 | D:2      | Reached skill level 1 in Throwing
   822 | D:2      | Reached skill level 1 in Dodging
   822 | D:2      | Reached skill level 1 in Stealth
   822 | D:2      | Reached skill level 1 in Shields
   822 | D:2      | Reached skill level 1 in Unarmed Combat
   822 | D:2      | Reached skill level 1 in Evocations
   939 | D:2      | Reached XP level 4. HP: 20/32 MP: 11/11
  1389 | D:3      | Noticed Jessica
  1402 | D:3      | Killed Jessica
  1403 | D:3      | Reached skill level 1 in Conjurations
  1403 | D:3      | Reached skill level 1 in Hexes
  1403 | D:3      | Reached skill level 1 in Summonings
  1403 | D:3      | Reached skill level 1 in Necromancy
  1403 | D:3      | Reached skill level 1 in Translocations
  1403 | D:3      | Reached skill level 1 in Transmutations
  1403 | D:3      | Reached skill level 1 in Fire Magic
  1403 | D:3      | Reached skill level 1 in Ice Magic
  1403 | D:3      | Reached skill level 1 in Earth Magic
  1403 | D:3      | Reached skill level 1 in Poison Magic
  1577 | D:3      | Noticed Natasha
  1589 | D:3      | Slain by a cerulean imp

Illustrated notes

Levels and vault maps discovered:
D:1:      evilmike_arrival_fibonacci_small, layout_rooms
D:2:      layout_loops_ring, dk_vineyard_1
D:3:      layout_basic, shapermc_ecumenical_altar_totnotflames, uniq_jessica,
          uniq_natasha, uniq_sigmund

Skill      XL: |  1  2  3  4 |
---------------+-------------+-----
Spellcasting   | 5 |  5.1
Invocations    | 1 |  1.4
Fighting       | 1 |  1.3
Short Blades   | 1 |  1.3
Long Blades    | 1 |  1.3
Maces & Flails | 1 |  1.3
Polearms       | 1 |  1.3
Staves         | 1 |  1.3
Ranged Weapons | 1 |  1.3
Throwing       | 1 |  1.3
Dodging        | 1 |  1.3
Stealth        | 1 |  1.3
Shields        | 1 |  1.3
Unarmed Combat | 1 |  1.3
Evocations     | 1 |  1.3
Conjurations   | 1 |  1.0
Hexes          | 1 |  1.0
Summonings     | 1 |  1.0
Necromancy     | 1 |  1.0
Translocations | 1 |  1.0
Transmutations | 1 |  1.0
Fire Magic     | 1 |  1.0
Ice Magic      | 1 |  1.0
Earth Magic    | 1 |  1.0
Poison Magic   | 1 |  1.0
Axes           | |  8.6
Armour         | |  4.7
Air Magic      | |  3.9

Action                     |  1- 3 |  4- 6 || total
---------------------------+-------+-------++-------
  Melee: Hand axe          |   102 |    38 ||   140
         Bite              |     8 |     5 ||    13
         Punch             |     2 |       ||     2
   Cast: Shock             |       |     1 ||     1
 Armour: Ring mail         |    39 |    13 ||    52
  Dodge: Dodged            |    35 |    27 ||    62
